Map: 어스름 탑

Players

llllllllllll (Scarlett)

  • Race: Zerg Zerg
  • League: Grandmaster

Impact - Winner!

  • Race: Zerg Zerg
  • League: Master

VOD

Have the link to the VOD?

Description

Time

  • Played on: April 14, 2016, 3:55 a.m.
  • Length: 5:41
Show
View Real Time Build Order
Export as new Build Order

llllllllllll Zerg 

Build Orders: 3 Hatch before Pool 

Get SALT Encoding   

  12  0:00  Drone  
  13  0:10  Drone  
  14  0:17  Overlord  
  14  0:24  Extractor  
  14  0:25  Drone  
  15  0:36  Drone x2  
  17  0:53  Hatchery  
  17  0:55  Drone  
  17  0:58  Drone  
  18  1:05  Drone  
  19  1:21  Hatchery  
  19  1:23  Drone  
  19  1:27  Drone  
  19  1:29  Extractor  
  19  1:40  Spawning Pool  
  19  1:45  Drone  
  19  1:54  Drone  
  20  2:01  Drone  
  21  2:10  Drone  
  22  2:24  Drone x3  
  22  2:29  Queen  
  27  2:32  Queen  
  27  2:35  Queen  
  31  2:38  Baneling Nest  
  31  2:39  Zergling x2  
  31  2:40  Zergling x2  
  31  2:43  Drone  
  33  2:45  Drone  
  34  2:51  Overlord  
  34  3:02  Overlord  
  34  3:10  Drone x3  
  34  3:11  Drone x4  
  41  3:17  Lair  
  41  3:22  Baneling  
  41  3:23  Drone x2  
  43  3:27  Drone x2  
  43  3:32  Overlord  
  45  3:35  Drone x2  
  45  3:37  Drone  
  45  3:39  Overlord  
  48  3:42  Drone  
  48  3:44  Drone  
  48  3:46  Extractor x2  
  48  3:47  Drone x2  
  50  3:57  Drone x4  
  50  4:02  Extractor  
  53  4:10  Drone x5  
  53  4:11  Drone x3  
  53  4:15  Overlord  
  61  4:20  Spire  
  61  4:22  Drone  
  61  4:23  Drone x4  
  65  4:25  Overseer  
  65  4:27  Overlord  
  65  4:37  Spine Crawler, Extractor x2  
  65  4:38  Zergling x10  
  67  4:43  Baneling x2  
  67  4:44  Baneling  
  67  4:49  Zergling x12  
  72  4:56  Queen  
  72  5:00  Drone x2  
  72  5:01  Drone  
  72  5:20  Drone x2  
  72  5:21  Overlord x4  
  74  5:26  Baneling  
  74  5:27  Baneling x3  
Show
View Real Time Build Order
Export as new Build Order

Impact Zerg - Winner!

Build Orders: Hatch First 

Get SALT Encoding   

  12  0:00  Drone  
  13  0:12  Overlord  
  13  0:17  Drone  
  14  0:31  Drone x2  
  14  0:35  Drone  
  17  0:52  Hatchery  
  17  0:55  Drone  
  17  0:58  Drone  
  18  1:09  Extractor  
  17  1:13  Spawning Pool  
  17  1:15  Drone  
  17  1:18  Drone  
  18  1:28  Drone  
  19  1:38  Overlord  
  19  1:52  Drone  
  20  1:59  Queen  
  20  2:00  Zergling x2  
  23  2:03  Queen  
  23  2:04  Drone  
  26  2:09  Metabolic Boost  
  26  2:11  Drone  
  27  2:15  Drone  
  27  2:21  Drone  
  29  2:30  Baneling Nest  
  29  2:33  Drone x2  
  30  2:37  Drone  
  31  2:46  Zergling x2  
  32  2:51  Drone  
  32  2:53  Hatchery  
  32  2:57  Overlord  
  32  3:00  Drone  
  32  3:05  Drone  
  34  3:07  Zergling x2  
  34  3:09  Drone  
  34  3:11  Overlord  
  36  3:16  Baneling x2  
  36  3:17  Drone  
  36  3:19  Drone x2  
  39  3:23  Drone x2  
  41  3:28  Overlord  
  41  3:32  Drone  
  42  3:42  Lair  
  42  3:43  Drone  
  42  3:44  Drone x3  
  42  3:45  Drone  
  42  3:47  Drone  
  48  3:51  Extractor x2  
  48  3:54  Drone  
  47  3:57  Drone  
  47  3:58  Drone  
  48  4:06  Queen  
  48  4:08  Roach Warren, Queen  
  51  4:14  Zergling x6  
  51  4:16  Zergling x2  
  55  4:20  Zergling x4  
  55  4:23  Zergling x6  
  60  4:25  Baneling x2  
  60  4:29  Overlord  
  60  4:41  Nydus Network  
  60  4:42  Queen  
  60  4:43  Queen  
  63  4:48  Queen  
  64  4:58  Roach  
  64  4:59  Roach x3  
  70  5:04  Roach  
  72  5:08  Overlord  
  72  5:11  Overlord, Roach  
  72  5:15  Baneling x2  
  72  5:19  Nydus Canal  
  72  5:22  Zergling x2  
Tags
 
Add a new tag
Caveats
  • Supply blocks, unpowered buildings, or Contaminate may cause inaccurate times.
  • Supply counts are checked every 10 seconds.